 Dungeon Crawl Stone Soup version 0.30-a0-1008-g30c9307041 (webtiles) character file.

Game seed: 7237512132362443038

287 Zeldest the Sneak (level 6, -3/27 (28) HPs)
             Began as a Vine Stalker Enchanter on Apr 5, 2023.
             Slain by a scorpion (7 damage)
             ... on level 4 of the Dungeon.
             The game lasted 00:14:36 (3325 turns).

Zeldest the Sneak (Vine Stalker Enchanter)          Turns: 3325, Time: 00:14:37

HP:   -3/27 (28)    AC:  3    Str: 10    XL:     6   Next: 30%
MP:   0/10          EV: 12    Int: 17    God:
Gold: 140           SH:  0    Dex: 21    Spells: 4/9 levels left

rFire   . . .      SeeInvis .    r - +3 dagger (protect)
rCold   . . .      Faith    .    a - orb {*channel}
rNeg    . . .      Spirit   +    q - +0 robe
rPois   +          Reflect  .    s - +0 helmet
rElec   .          Rampage  .    (no cloak)
rCorr   .                        (no gloves)
Will    .....                    (no boots)
Stlth   ++                       l - amulet of regeneration
HPRegen 1.84/turn                d - ring of poison resistance
MPRegen 0.12/turn                n - +6 ring of dexterity

@: silenced, lightly drained, invisible
A: fangs 2, regeneration 1, magic shield, antimagic bite, no potion heal 2
a: no special abilities


You were on level 4 of the Dungeon.
You visited 1 branch of the dungeon, and saw 4 of its levels.

You collected 140 gold pieces.

Inventory:

Hand Weapons
 r - a +3 dagger of protection (weapon)
Armour
 a - an orb of energy (worn)
 m - a +0 tower shield
 q - a +0 robe (worn)
 s - a +0 helmet (worn)
Magical Staves
 f - a staff of cold
 t - a staff of fire
Jewellery
 d - a ring of poison resistance (left hand)
 i - a ring of flight
 l - an amulet of regeneration (around neck)
 n - a +6 ring of dexterity (right hand)
Scrolls
 g - a scroll of teleportation {unknown}
 k - a scroll of blinking {unknown}
 o - a scroll of immolation {unknown}
 u - a scroll of torment {unknown}
 v - a scroll of poison {unknown}
Potions
 b - a potion of attraction {unknown}
 c - a potion of invisibility
 h - a potion of brilliance {unknown}
 p - 2 potions of curing {unknown}
 w - a potion of lignification {unknown}


   Skills:
 - Level 1.1 Short Blades
 - Level 1.5 Dodging
 + Level 5.1 Stealth
 - Level 2.3 Spellcasting
 * Level 4.8 Hexes
 * Level 3.4 Ice Magic


You had 4 spell levels left.
You knew the following spells:

 Your Spells              Type           Power      Damage    Failure   Level
a - Ensorcelled Hibernat  Hex/Ice        32%        N/A       16%         2
b - Frozen Ramparts       Ice            26%        1d4       32%         3

Your spell library contained the following spells:

 Spells                   Type           Power      Damage    Failure   Level
 Confusing Touch          Hex            18%        N/A       21%         3
 Tukima's Dance           Hex            18%        N/A       21%         3
 Dazzling Flash           Conj/Hex       20%        N/A       41%         3
 Ice Form                 Ice/Tmut       7%         N/A       85%         4
 Summon Ice Beast         Ice/Summ       7%         N/A       85%         4


Dungeon Overview and Level Annotations

Branches:
Dungeon (4/15) Zot: 20680
 Temple: D:4-7

Altars:
Makhleb
Xom
Zin


Innate Abilities, Weirdness & Mutations

You have extremely sharp teeth.
Your natural rate of healing is unusually fast.
When hurt, damage is shared between your health and your magic reserves.
Your bite disrupts and absorbs the magic of your enemies.
Potions cannot restore your health.


Message History

The centaur wields a +0 shortbow.
The centaur shoots an arrow.
The arrow hits you! The ufetubus closely misses you. x2
The centaur shoots an arrow.
The arrow hits you! The ufetubus closely misses you. The ufetubus hits you.
The centaur shoots an arrow.
The arrow hits you.
A scorpion comes into view.
The ufetubus hits you. The ufetubus completely misses you.
The centaur unwields a +0 shortbow.
The centaur barely misses you. The centaur kicks you. The centaur hits you.
The centaur kicks you but does no damage.
The centaur hits you.
The centaur kicks you but does no damage.
The ufetubus barely misses you. The ufetubus closely misses you.
Okay, then.
You fade into invisibility!
The centaur hits you.
* * * LOW HITPOINT WARNING * * *
The centaur completely misses you. The ufetubus closely misses you.
The ufetubus hits you.
* * * LOW HITPOINT WARNING * * *
The centaur hits you but does no damage.
The centaur closely misses you.
Okay, then.
Okay, then.
As you read the scroll labelled DYROPN BUACO, it crumbles to dust.
You hear a loud clanging noise!
It was a scroll of noise.
You hear a shout! x2
The ufetubus barely misses you. x2; The centaur barely misses you.
The centaur kicks you but does no damage.
The ufetubus barely misses you. The ufetubus hits you.
* * * LOW HITPOINT WARNING * * *
As you read the scroll labelled SURETA VEATI, it crumbles to dust.
A profound silence engulfs you.
It was a scroll of silence.
The centaur hits you.
* * * LOW HITPOINT WARNING * * *
The centaur kicks you.
* * * LOW HITPOINT WARNING * * *
The scorpion stings you!
You die...

#. #.#########
#.......... #.......#
#.......# #.....$.#
#.......# #.....cs#
########....5@.#
.....................
####..........######
#...########
#.####...# #........#
#.######...#######
#.....†...........
########...########


You could see a centaur (unable to see you), a scorpion (unable to see you) and
an ufetubus (unable to see you).

Vanquished Creatures
  A necrophage (D:4)
  An orc priest (D:3)
  A hound skeleton (D:4)
  Robin (D:3)
  3 gnolls (D:3)
  4 adders
  4 worms
  2 dart slugs
  4 orcs (D:3)
  4 endoplasms (D:2)
  7 giant cockroaches
  13 goblins
  7 hobgoblins
  2 jackals (D:2)
  11 kobolds
  3 quokkas
  9 ball pythons
  5 bats
  5 frilled lizards
  5 rats
92 creatures vanquished.

Notes
Turn   | Place    | Note
-------+----------+-------------------------------------------
     0 | D:1      | Zeldest the Vine Stalker Enchanter began the quest for the
                  | Orb.
     0 | D:1      | Reached XP level 1. HP: 9/9 MP: 4/4
    63 | D:1      | Reached skill level 1 in Short Blades
   182 | D:1      | Reached XP level 2. HP: 13/13 MP: 6/6
   185 | D:1      | Learned a level 2 spell: Ensorcelled Hibernation
   442 | D:1      | Reached skill level 4 in Stealth
   673 | D:1      | Reached XP level 3. HP: 16/16 MP: 7/7
   682 | D:1      | Reached skill level 1 in Ice Magic
   876 | D:1      | Found a faded altar of an unknown god.
  1401 | D:2      | Gained mutation: Your natural rate of healing is unusually
                  | fast. [Vine Stalker growth]
  1401 | D:2      | Reached XP level 4. HP: 21/21 MP: 8/8
  1401 | D:2      | Identified the +1 ring mail of Pessimism {rN+ Dex+3}
  1412 | D:2      | Learned a level 3 spell: Frozen Ramparts
  2114 | D:3      | Noticed Robin
  2178 | D:3      | Killed Robin
  2251 | D:3      | Reached XP level 5. HP: 24/24 MP: 4/9
  2297 | D:3      | Found a white marble altar of Elyvilon.
  2301 | D:3      | Found a stormy altar of Qazlal.
  2301 | D:3      | Found a snail-covered altar of Cheibriados.
  2303 | D:3      | Found a sacrificial altar of Ru.
  2303 | D:3      | Found a shimmering altar of Xom.
  2303 | D:3      | Found a glowing silver altar of Zin.
  2889 | D:3      | Identified the +0 ring mail of Trumpets {Rampage rElec
                  | Str+3}
  3080 | D:4      | Found a burning altar of Makhleb.
  3097 | D:4      | Reached skill level 5 in Stealth
  3097 | D:4      | Reached XP level 6. HP: 18/27 MP: 2/10
  3325 | D:4      | Slain by a scorpion

Illustrated notes

Levels and vault maps discovered:
D:1:      co_arrival_square_in_a_square_in_a_square, layout_basic,
          shapermc_ecumenical_altar_hornbeckon, st_stairs_8
D:2:      layout_loops_corners, minmay_tree_intersection
D:3:      layout_basic, doesnt_xom_only_xom, uniq_robin
D:4:      layout_basic, makhleb_blood_cavern_becter,
          mainiacjoe_overflow_six_doors_small, nicolae_nh_oracle_at_delphi

Skill      XL: |  1  2  3  4  5 |
---------------+----------------+-----
Short Blades   | 1 |  1.1
Stealth        | 4 5 |  5.1
Ice Magic      | 1 2 3 |  3.4
Hexes          | 4 |  4.8
Dodging        | |  1.5
Spellcasting   | |  2.3

Action                     |  1- 3 |  4- 6 || total
---------------------------+-------+-------++-------
  Melee: Dagger            |    89 |    77 ||   166
         Bite              |    16 |    16 ||    32
         Punch             |     1 |     2 ||     3
         Short sword       |       |    15 ||    15
   Cast: Ensorcelled Hiber |     4 |    14 ||    18
         Frozen Ramparts   |       |     3 ||     3
    Use: Scroll            |       |     2 ||     2
         Potion            |       |     1 ||     1
   Stab: Sleeping          |    13 |    21 ||    34
 Armour: Robe              |    17 |    11 ||    28
  Dodge: Dodged            |    43 |    45 ||    88

Table legend: (Time is in decaauts)
 A = Elapsed time spent in this place.
 B = Non-inter-level travel time spent in this place.
 C = Inter-level travel time spent in this place.
 D = Time resting spent in this place.
 E = Time spent auto-exploring this place.
 F = Levels seen in this place.
 G = Mean time per level.
                   A        B        C        D        E       F      G
               +--------+--------+--------+--------+--------+-----+--------+
         Total |   3318 |   3177 |    141 |    389 |   1903 |   4 |  829.5 |
       Dungeon |   3318 |   3177 |    141 |    389 |   1903 |   4 |  829.5 |
               +--------+--------+--------+--------+--------+-----+--------+

Top non-repeatable levels by time:
     D:3: 1233 daAuts
     D:1: 932 daAuts
     D:2: 886 daAuts
     D:4: 266 daAuts
